 Dungeon Sprint DCSS version 0.31-a0-851-g7ff8af7976 (webtiles) character file.

Game seed: 6441433570996386789

1578 sircluck the Grappler (level 8, -13/139 HPs)
             Began as a Troll Berserker on Oct 5, 2023.
             Was an Elder of Trog.
             Mangled by a demonic crawler (15 damage)
             ... in the Dungeon (Sprint I: "Red Sonja").
             The game lasted 00:01:25 (283 turns).

sircluck the Grappler (Troll Berserker)              Turns: 283, Time: 00:01:25

Health: -13/139    AC:  4    Str: 28    XL:     8   Next: 60%
Magic:  6/6        EV: 12    Int:  3    God:    Trog [****..]
Gold:   270        SH:  0    Dex:  9    Spells: 7/7 levels left

rFire   . .          .
                       - Unarmed
rCold   . . .        (no shield)
rNeg    . . .        a - +0 animal skin
rPois   .            (helmet restricted)
rElec   .            (no cloak)
rCorr   .            (gloves unavailable)
SInv    .            (boots unavailable)
Will    .....        (no amulet) Stlth
                     (no ring)
HPRegen 1.23/turn    (no ring)
MPRegen 0.10/turn

%: no teleportation
@: berserking, very quick
A: large, unfitting armour, claws 3, regeneration 1, shaggy fur 1, tough skin 1,
low MP 1
a: Renounce Religion, Berserk, Trog's Hand, Brothers in Arms


You were in the Dungeon.
You worshipped Trog.
Trog was greatly pleased with you.
You visited 1 branch You collected 270 gold pieces.

Inventory:

Missiles
 k - 5 stones
Armour
 a - a +0 animal skin (worn)
 i - a +1 robe of fire resistance
Jewellery
 j - a ring of protection from fire
Wands
 h - a wand of flame (15)
Scrolls
 g - a scroll of blinking
Potions
 b - a potion of curing
 c - a potion of heal wounds
 d - a potion of haste
 e - 2 potions of magic
 f - a potion of berserk rage


   Skills:
 + Level 9.9 Fighting
 + Level 9.8 Dodging
 + Level 11.6 Unarmed Combat


You had 7 spell levels left.
You didn't know any spells.
Your spell library was empty.

Dungeon Overview and Level Annotations

Branches:
Dungeon (1/1)

Altars:
Makhleb
Sif Muna
Vehumet
Wu Jian
Xom
Jiyva
Lugonu


Innate Abilities, Weirdness & Mutations

You are too large for most types of armour.
You have claws for hands.
Your natural rate of healing is unusually fast.
You are covered in fur. (AC +1)
You have tough skin. (AC +1)
Your magical capacity is low. (-10% MP)


Message History

The demonic crawler barely misses you. The demonic crawler hits you.
The demonic crawler misses you. The demonic crawler barely misses you.
The demonic crawler hits you.
You barely miss the demonic crawler.
The demonic crawler hits you but does no damage.
The demonic crawler hits you! The demonic crawler closely misses you.
The demonic crawler hits you! The demonic crawler closely misses you.
The demonic crawler hits you!
You mangle the demonic crawler!!
The demonic crawler is moderately wounded.
The demonic crawler closely misses you. The demonic crawler hits you.
The demonic crawler hits you! x2; The demonic crawler barely misses you.
The demonic crawler hits you!
You mangle the demonic crawler!!
The demonic crawler is severely wounded.
You barely miss the demonic crawler.
The demonic crawler is severely wounded.
The demonic crawler closely misses you.
The demonic crawler barely misses you. x2
The demonic crawler hits you!!
* * * LOW HITPOINT WARNING * * *
The demonic crawler hits you!
* * * LOW HITPOINT WARNING * * *
The demonic crawler closely misses you.
You eviscerate the demonic crawler!!!
You kill the demonic crawler!
Trog accepts your kill.
You can now call in reinforcements.
Your Dodging skill increases to level 9!
Your Unarmed Combat skill increases to level 11!
Unknown command.
Unknown command.
Unknown command.
Unknown command.
Unknown command.
You barely miss the demonic crawler. You eviscerate the demonic crawler!!!
The demonic crawler is severely wounded.
The demonic crawler barely misses you. The demonic crawler hits you!
* * * LOW HITPOINT WARNING * * *
The demonic crawler hits you!
You die...

##################
.#.['..#__#..')..#
.'..#..'..'..#.[s##+#
'#####'#__####..@ss.#
.# #.#### #####..+ ##
##.# ## #+#_.+ +..._#
#_.#+# ##+#


You could see 3 demonic crawlers.

Vanquished Creatures
  A demonic crawler (D)
  2 kobold demonologists (D)
  Sigmund (D)
  A slime creature (D)
  A floating eye (D)
  An ogre (D)
  A jelly (D)
  Ijyb (D)
9 creatures vanquished.

Notes
Turn   | Place    | Note
-------+----------+-------------------------------------------
     0 | D        | sircluck the Troll Berserker began the quest for the Orb.
     0 | D        | Reached XP level 1. HP: 22/22 MP: 0/0
     1 | D        | Noticed Ijyb
    10 | D        | Killed Ijyb
    11 | D        | Reached skill level 4 in Unarmed Combat
    11 | D        | Reached XP level 2. HP: 9/32 MP: 1/1
    34 | D        | Noticed an ogre
    43 | D        | Killed an ogre
    44 | D        | Reached skill level 5 in Fighting
    44 | D        | Reached skill level 5 in Dodging
    44 | D        | Reached skill level 6 in Unarmed Combat
    44 | D        | Reached XP level 3. HP: 15/42 MP: 2/2
    44 | D        | Reached XP level 4. HP: 18/50 MP: 3/3
    85 | D        | Noticed Sigmund
    92 | D        | Killed Sigmund
    92 | D        | Reached ** piety under Trog
    93 | D        | Reached skill level 7 in Unarmed Combat
    93 | D        | Reached XP level 5. HP: 45/61 MP: 4/4
   118 | D        | Found a burning altar of Makhleb.
   118 | D        | Found a viscous altar of Jiyva.
   118 | D        | Found a shimmering altar of Xom.
   118 | D        | Found a corrupted altar of Lugonu.
   118 | D        | Noticed a slime creature
   123 | D        | Killed a slime creature
   124 | D        | Reached skill level 8 in Unarmed Combat
   124 | D        | Reached XP level 6. HP: 71/71 MP: 5/5
   178 | D        | Noticed a kobold demonologist
   178 | D        | Noticed a floating eye
   179 | D        | Paralysed by a floating eye for 3 turns
   181 | D        | Noticed a neqoxec
   181 | D        | Noticed a kobold demonologist
   182 | D        | Killed a floating eye
   183 | D        | Reached skill level 9 in Unarmed Combat
   186 | D        | Gained mutation: Your magical capacity is low. (-10% MP) [a
                  | neqoxec]
   187 | D        | Killed a kobold demonologist
   187 | D        | Reached *** piety under Trog
   188 | D        | Reached skill level 10 in Unarmed Combat
   188 | D        | Reached XP level 7. HP: 81/81 MP: 5/5
   191 | D        | Killed a kobold demonologist
   240 | D        | Found an ornate altar of the Wu Jian Council.
   240 | D        | Found a shimmering blue altar of Sif Muna.
   242 | D        | Found a radiant altar of Vehumet.
   245 | D        | Reached XP level 8. HP: 92/92 MP: 6/6
   275 | D        | Noticed a demonic crawler
   275 | D        | Noticed a demonic crawler
   275 | D        | Noticed a demonic crawler
   275 | D        | Noticed a demonic crawler
   281 | D        | Killed a demonic crawler
   281 | D        | Reached **** piety under Trog
   282 | D        | Reached skill level 11 in Unarmed Combat
   283 | D        | HP: 2/139 [demonic crawler (9)]
   283 | D        | Mangled by a demonic crawler

Illustrated notes

Levels and vault maps discovered:
D:        dungeon_sprint_1 [red_sonja_temple_1, red_sonja_temple_small_1]

Skill      XL: |  1  2  3  4  5  6  7  8 |
---------------+-------------------------+-----
Fighting       | 3 5 6 7 8 9 |  9.9
Dodging        | 3 5 6 7 8 9 |  9.8
Unarmed Combat | 4 6 7 8 10 11 | 11.6

Action                     |  1- 3 |  4- 6 |  7- 9 || total
---------------------------+-------+-------+-------++-------
  Melee: Unarmed           |    16 |    14 |    11 ||    41
         Punch             |       |     1 |       ||     1
 Invoke: Berserk           |       |     2 |     1 ||     3
 Armour: Animal skin       |     7 |     5 |    18 ||    30
  Dodge: Dodged            |     4 |     2 |    16 ||    22

Table legend: (Time is in decaauts)
 A = Elapsed time spent in this place.
 B = Non-inter-level travel time spent in this place.
 C = Inter-level travel time spent in this place.
 D = Time resting spent in this place.
 E = Time spent auto-exploring this place.
 F = Levels seen in this place.
 G = Mean time per level.
                   A        B        C        D        E       F      G
               +--------+--------+--------+--------+--------+-----+--------+
         Total |    295 |    287 |      8 |    149 |     12 |   1 |  295.0 |
       Dungeon |    295 |    287 |      8 |    149 |     12 |   1 |  295.0 |
               +--------+--------+--------+--------+--------+-----+--------+

Top non-repeatable levels by time:
       D: 295 daAuts
